Map: Cerulean Fall LE

Players

Lambo

  • Race: Zerg Zerg
  • Spawn Location: 7:00

LiquidSnute (Snute) - Winner!

  • Race: Zerg Zerg
  • Spawn Location: 1:00

Event: IEM Season 13 - Katowice Server Qualifiers Europe

VOD

Have the link to the VOD?

Description

Time

  • Played on: Jan. 8, 2019, 9:18 a.m.
  • Length: 13:52

All games in this series

Show
View Real Time Build Order
Export as new Build Order

Lambo Zerg 

Build Orders: Hatch First, Zergling Baneling 

Get SALT Encoding   

  12  0:00  Drone  
  13  0:13  Overlord  
  13  0:17  Drone  
  14  0:31  Drone x2  
  16  0:48  Hatchery  
  15  0:52  Drone  
  15  0:55  Drone  
  17  0:58  Drone  
  18  1:09  Extractor  
  17  1:14  Spawning Pool  
  17  1:17  Drone  
  17  1:21  Drone  
  18  1:28  Drone  
  19  1:39  Drone  
  20  1:52  Drone  
  21  2:00  Drone  
  21  2:01  Queen x2, Overlord  
  26  2:09  Metabolic Boost  
  26  2:11  Drone  
  26  2:13  Drone  
  28  2:28  Drone  
  28  2:29  Drone  
  30  2:37  Hatchery  
  30  2:40  Zergling x2  
  30  2:41  Zergling x2  
  31  2:46  Drone  
  31  2:47  Baneling Nest  
  31  2:51  Overlord  
  31  2:58  Drone  
  32  2:59  Drone  
  33  3:07  Drone x2  
  33  3:12  Zergling x4, Drone x2  
  39  3:13  Zergling x2  
  39  3:15  Zergling x2  
  41  3:21  Overlord  
  41  3:26  Drone  
  42  3:27  Queen  
  44  3:35  Evolution Chamber  
  44  3:36  Drone  
  44  3:39  Baneling  
  44  3:40  Baneling x3  
  43  3:43  Zergling x6  
  43  3:46  Baneling  
  43  3:48  Overlord  
  46  3:52  Drone x2  
  46  3:55  Drone  
  49  3:58  Drone  
  49  3:59  Overlord  
  49  4:02  Drone  
  50  4:03  Drone  
  51  4:10  Zerg Missile Weapons Level 1  
  51  4:12  Extractor  
  51  4:13  Drone x2  
  51  4:14  Extractor  
  50  4:17  Drone x3  
  50  4:18  Drone  
  50  4:20  Drone  
  50  4:22  Drone  
  56  4:26  Drone x2  
  56  4:28  Drone x2  
  59  4:36  Baneling  
  59  4:37  Zergling x4, Baneling x2  
  59  4:38  Zergling x4  
  63  4:44  Zergling x4  
  59  4:53  Zergling x10  
  64  5:02  Zergling x6  
  64  5:03  Baneling x2  
  64  5:09  Zergling x6  
  64  5:10  Roach Warren  
  64  5:12  Overlord  
  63  5:17  Lair  
  63  5:19  Queen  
  63  5:23  Baneling x6  
  63  5:25  Drone x2  
  63  5:27  Drone x2  
  67  5:33  Drone x2  
  69  5:39  Zergling x10  
  67  5:43  Drone x3  
  67  5:47  Drone x2  
  72  5:53  Drone x3  
  74  6:01  Roach  
  74  6:02  Roach, Queen  
  79  6:05  Drone  
  79  6:08  Extractor x2  
  79  6:10  Drone x3  
  80  6:12  Overlord  
  80  6:13  Overlord  
  80  6:15  Queen  
  80  6:17  Glial Reconstitution  
  79  6:18  Zerg Missile Weapons Level 2  
  79  6:23  Roach x2  
  78  6:26  Drone x2  
  84  6:32  Roach  
  84  6:33  Roach  
  84  6:37  Baneling  
  84  6:39  Roach x3  
  90  6:43  Overseer  
  90  6:44  Drone x2  
  90  6:45  Drone  
  93  6:47  Spore Crawler, Extractor  
  93  6:48  Queen  
  93  6:54  Spore Crawler  
  93  6:57  Spore Crawler  
  93  6:59  Roach x2, Spore Crawler  
  93  7:00  Spore Crawler  
  93  7:01  Zergling x2  
  93  7:09  Spore Crawler  
  93  7:10  Spore Crawler  
  93  7:13  Roach x3  
  93  7:15  Burrow  
  95  7:16  Roach  
  96  7:23  Roach, Spore Crawler  
  96  7:27  Baneling x2  
  96  7:28  Roach  
  95  7:44  Tunneling Claws  
  89  8:00  Overlord, Drone  
  89  8:02  Overlord  
  89  8:03  Overlord  
  90  8:07  Queen  
  90  8:08  Spore Crawler  
  90  8:09  Spore Crawler  
  90  8:10  Queen  
  89  8:14  Overlord  
  87  8:24  Hydralisk Den  
  87  8:25  Roach x2, Queen  
  92  8:31  Roach x3  
  98  8:36  Roach  
  95  8:43  Queen  
  95  8:46  Roach x2, Queen  
  103  8:51  Roach  
  105  8:59  Roach x2  
  105  9:00  Roach x6  
  105  9:01  Queen, Drone  
  108  9:05  Roach x5  
  108  9:15  Roach x3  
  114  9:18  Spore Crawler  
  114  9:21  Queen, Spore Crawler  
  114  9:22  Spore Crawler  
  111  9:29  Queen  
  101  9:32  Drone x3  
  101  9:34  Spore Crawler  
  101  9:37  Queen, Spore Crawler  
  92  9:42  Roach x3  
  92  9:43  Roach x3  
  88  9:48  Spore Crawler  
  88  9:51  Spore Crawler  
  86  10:02  Hydralisk x2  
  86  10:03  Hydralisk x2  
  86  10:04  Grooved Spines  
  90  10:08  Drone x2  
  90  10:09  Drone  
  87  10:21  Zerg Ground Armor Level 1  
  87  10:22  Drone x2  
  87  10:23  Drone x3  
  87  10:42  Spore Crawler, Drone x7  
  91  10:44  Roach x2, Spore Crawler  
  91  10:45  Roach x2  
  91  10:46  Roach x2  
  91  10:47  Roach x5, Zergling x2  
  95  10:52  Spore Crawler  
  95  10:55  Roach x2  
  94  11:06  Roach x5  
  94  11:07  Roach  
  94  11:08  Roach x2  
  100  11:15  Roach x4  
  100  11:26  Hatchery, Hydralisk x2  
  100  11:28  Roach  
  100  11:32  Hydralisk x2  
  103  11:39  Infestation Pit  
  96  11:45  Spore Crawler  
  96  11:46  Ravager  
  88  11:48  Spore Crawler  
  88  11:49  Zergling x2  
  88  11:50  Spore Crawler, Baneling  
  86  12:00  Queen  
  88  12:03  Baneling  
  88  12:07  Spore Crawler  
  87  12:13  Spore Crawler  
  87  12:15  Spore Crawler  
  85  12:16  Hydralisk  
  87  12:24  Baneling  
  87  12:25  Baneling  
  87  12:33  Pathogen Glands  
  87  12:37  Drone x2  
  85  13:01  Infestor x4  
  79  13:07  Infestor x5  
  81  13:14  Hydralisk  
  81  13:15  Spawning Pool  
  82  13:20  Hydralisk  
  82  13:23  Drone x2  
  82  13:25  Drone  
Show
View Real Time Build Order
Export as new Build Order

LiquidSnute Zerg - Winner!

Build Orders: Hatch First 

Get SALT Encoding   

  12  0:00  Drone  
  13  0:11  Overlord  
  13  0:16  Drone  
  14  0:30  Drone x2  
  14  0:33  Drone  
  17  0:52  Hatchery  
  17  0:54  Drone  
  17  0:58  Drone  
  17  1:01  Extractor  
  17  1:13  Spawning Pool  
  17  1:16  Drone  
  17  1:20  Drone  
  18  1:27  Drone  
  19  1:38  Overlord  
  19  1:48  Drone  
  20  1:59  Drone  
  20  2:00  Queen  
  23  2:02  Metabolic Boost  
  23  2:04  Drone  
  23  2:06  Queen  
  26  2:11  Drone  
  26  2:15  Drone  
  28  2:22  Drone  
  29  2:25  Drone  
  30  2:32  Drone  
  31  2:37  Hatchery  
  31  2:39  Drone  
  31  2:42  Drone  
  32  2:47  Queen  
  34  2:52  Overlord  
  34  2:59  Baneling Nest, Drone  
  34  3:02  Drone  
  34  3:03  Drone  
  36  3:10  Overlord  
  36  3:11  Zergling x4  
  39  3:12  Zergling x2  
  39  3:16  Zergling x2  
  39  3:19  Zergling x4  
  42  3:21  Zergling x2  
  42  3:24  Overlord  
  43  3:29  Zergling x2  
  44  3:35  Overlord  
  44  3:39  Drone x3  
  47  3:41  Drone  
  47  3:44  Extractor  
  47  3:45  Drone  
  47  3:48  Lair  
  48  3:50  Zergling x2  
  48  3:52  Drone  
  48  3:55  Zergling x4  
  51  3:59  Zergling x2  
  52  4:03  Drone x2  
  52  4:04  Drone  
  55  4:13  Zergling x4  
  55  4:15  Zergling x2  
  55  4:16  Zergling x6  
  61  4:21  Extractor  
  61  4:22  Zergling x4  
  61  4:30  Zergling x2  
  60  4:32  Drone  
  60  4:34  Extractor, Drone  
  60  4:37  Drone  
  62  4:39  Drone x3  
  62  4:44  Drone  
  66  4:46  Drone  
  66  4:49  Drone x3  
  66  4:50  Drone  
  66  4:52  Baneling x3  
  63  4:54  Zergling x6  
  63  4:57  Zergling x4  
  62  5:08  Spire, Zergling x2  
  62  5:09  Zergling x8  
  62  5:12  Drone  
  64  5:16  Drone  
  64  5:17  Drone  
  64  5:18  Drone x3  
  64  5:21  Baneling x2  
  69  5:22  Zergling x2  
  69  5:24  Baneling x2  
  69  5:26  Queen  
  69  5:28  Baneling  
  72  5:29  Baneling  
  72  5:32  Zergling x4  
  74  5:42  Zergling x10  
  73  5:54  Zergling x2  
  73  5:58  Overlord x2  
  73  6:00  Overlord x2  
  72  6:12  Overlord, Extractor  
  72  6:13  Extractor  
  72  6:14  Zergling x2  
  72  6:15  Zergling x8  
  72  6:16  Zergling x2  
  75  6:20  Zergling x4  
  75  6:24  Zerg Flyer Weapons Level 1, Mutalisk  
  75  6:26  Mutalisk  
  75  6:30  Mutalisk x4  
  80  6:33  Mutalisk  
  81  6:42  Mutalisk  
  81  6:46  Mutalisk  
  85  6:49  Mutalisk  
  85  6:53  Zergling x12  
  93  6:57  Mutalisk  
  95  7:02  Mutalisk  
  95  7:06  Zergling x10  
  102  7:13  Mutalisk  
  99  7:16  Zergling x2  
  99  7:17  Zergling x10  
  99  7:21  Mutalisk x2  
  103  7:28  Zergling x4  
  99  7:38  Mutalisk x2  
  97  7:46  Mutalisk  
  97  7:47  Mutalisk  
  97  7:48  Drone  
  97  7:49  Drone x8  
  105  8:02  Mutalisk x2  
  109  8:16  Hatchery  
  109  8:17  Mutalisk x2  
  106  8:22  Mutalisk  
  108  8:31  Zergling x12  
  111  8:41  Mutalisk  
  111  8:44  Zergling x2  
  111  8:47  Overlord x2  
  114  8:50  Pneumatized Carapace  
  114  8:51  Overseer  
  113  9:00  Overseer  
  112  9:06  Mutalisk x4  
  120  9:13  Zergling x4  
  120  9:14  Zergling x12  
  128  9:18  Zergling x2  
  128  9:21  Mutalisk  
  128  9:26  Overseer  
  128  9:28  Spore Crawler  
  128  9:30  Zergling x10  
  124  9:34  Mutalisk  
  125  9:40  Mutalisk x3  
  131  9:45  Spine Crawler  
  131  9:47  Mutalisk  
  131  9:52  Zergling x8  
  136  9:54  Overlord x3  
  132  10:07  Drone  
  132  10:08  Drone x4  
  132  10:13  Drone x6  
  140  10:18  Zerg Flyer Weapons Level 2  
  140  10:22  Mutalisk  
  140  10:23  Mutalisk  
  122  10:37  Mutalisk x3  
  114  11:06  Mutalisk  
  114  11:07  Mutalisk x4  
  114  11:11  Zergling x22  
  120  11:15  Mutalisk  
  132  11:23  Overseer  
  132  11:24  Drone x8  
  140  11:30  Drone x2  
  139  11:39  Drone x2  
  136  11:46  Mutalisk x3  
  142  11:55  Mutalisk, Spine Crawler  
  142  11:59  Centrifical Hooks  
  143  12:04  Overlord  
  143  12:05  Overlord  
  143  12:11  Evolution Chamber  
  143  12:14  Spine Crawler  
  141  12:16  Spine Crawler, Drone x3  
  143  12:23  Baneling x12  
  143  12:26  Zergling x14  
  143  12:28  Zergling x2  
  151  12:43  Baneling x10  
  151  12:44  Zergling x2  
  151  12:45  Zergling x12  
  151  12:48  Queen  
  160  12:52  Baneling x5  
  153  13:01  Zergling x16  
  154  13:11  Zergling x14  
  154  13:14  Baneling  
  154  13:15  Baneling x5  
  154  13:18  Baneling x4  
  154  13:19  Baneling x2  

Tags
 
Add a new tag
Caveats
  • Supply blocks, unpowered buildings, or Contaminate may cause inaccurate times.
  • Supply counts are checked every 10 seconds.